Cogmind - Beta 13 X1 @@@ ROGUE MODE // 2023.07.15 @ 19:34:14 Player: aoemica Result: Destroyed by WD-E0F(R) with Subdweller Beam Cannon Performance ------------- Evolutions (0) 0 Regions Visited (2) 400 Robots Destroyed (28) 140 Value Destroyed (818) 818 Prototype IDs (0) 0 Alien Tech Used (0) 0 Bonus (0) 0 TOTAL SCORE: 1358 Bonus ------- None Cogmind --------- Core Integrity 0/250 Matter 139/300 Energy 120/125 System Corruption 0% Temperature Cool (9) Movement Treading (160) Location -10/Subcaves Parts ------- > --- POWER (1) -------- Light Ion Engine > --- PROPULSION (2) --- Light Treads Light Treads > --- UTILITY (2) ------ Scrap Shield > --- WEAPON (2) ------- Subdweller Machine Gun Subdweller Shrapnel Launcher > --- INVENTORY (5) ---- Light Treads Medium Laser Assault Rifle Battle Rifle Grenade Launcher Peak State ------------ > --- POWER ------------ Light Ion Engine > --- PROPULSION ------- Light Treads Light Treads > --- UTILITY ---------- Scrap Shield > --- WEAPON ----------- Battle Rifle Subdweller Machine Gun > --- INVENTORY -------- Light Treads Medium Laser Assault Rifle Grenade Launcher Subdweller Shrapnel Launcher [Rating: 11] Favorites ----------- Power Light Ion Engine Engine Light Ion Engine Propulsion Light Treads Treads Light Treads Leg Aluminum Leg Utility Scrap Shield Device Heat Sink Storage Medium Storage Unit Protection Scrap Shield Weapon Medium Laser Energy Gun Medium Laser Energy Cannon Subdweller Beam Cannon Ballistic Gun Battle Rifle Launcher Grenade Launcher Build | -11 -10 -10 ------- Run | Jun Mat Sub Slots Evolved . | . . . Power . | . . . Propulsion . | . . . Utility . | . . . Weapon . | . . . Parts Attached 28 | . 4 24 Power 2 | . . 2 Engine 2 | . . 2 Core . | . . . Reactor . | . . . Propulsion 5 | . 2 3 Treads 5 | . 2 3 Leg . | . . . Wheel . | . . . Hover . | . . . Flight . | . . . Utility 6 | . 2 4 Device 1 | . 1 . Storage 1 | . 1 . Processor . | . . . Hackware . | . . . Protection 4 | . . 4 Artifact . | . . . Weapon 15 | . . 15 Energy Gun 3 | . . 3 Energy Cannon 1 | . . 1 Ballistic Gun 5 | . . 5 Ballistic Cannon . | . . . Launcher 6 | . . 6 Special Weapon . | . . . Impact Weapon . | . . . Slashing Weapon . | . . . Piercing Weapon . | . . . Special Melee Weapon . | . . . Unidentified Prototypes . | . . . Parts Lost 4 | . . 4 Power . | . . . Propulsion 2 | . . 2 Utility . | . . . Weapon 2 | . . 2 Highest Loss Streak 1 | . . 1 To Critical Strikes 1 | . . 1 Average Slot Usage (%) 91 | . 98 89 Engine 14 | . 14 14 Treads 26 | . 18 27 Leg 1 | . 8 . Device 6 | . 13 5 Storage 6 | . 14 5 Protection 6 | . . 8 Energy Gun 15 | . 28 12 Energy Cannon 4 | . . 5 Ballistic Gun 6 | . . 7 Launcher 1 | . . 2 Naked Turns . | . . . Heaviest Build 31 | 14 20 31 Greatest Support 40 | 20 40 40 Greatest Overweight (x) . | . . . Average Overweight (x) . | . . . Largest Inventory Capacity 10 | . 10 10 Average Capacity 7 | . 9 6 Most Carried 10 | . 10 10 Average Carried 7 | . 8 6 Final Capacity 10 | 8 10 5 Final Carried 10 | 6 10 5 Class Distribution -------------------- 100% | Mutant Dominant Class ---------------- Mutant | -10/Materials Mutant | -10/Subcaves Resources | -11 -10 -10 ----------- Run | Jun Mat Sub Matter Collected 633 | 195 45 393 Remotely . | . . . Salvage Created 916 | . 357 559 Parts 51 | . 16 35 Haulers Intercepted 1 | . 1 . Recyclers Shooed . | . . . Parts Field Recycled . | . . . Retrieved Matter . | . . . Parts Self-Destructed 13 | . . 13 Prevented . | . . . Kills | -11 -10 -10 ------- Run | Jun Mat Sub Combat Hostiles Destroyed 27 | . 8 19 Guns 19 | . 8 11 Cannons 3 | . . 3 AOE 5 | . . 5 Classes Destroyed 6 | . 3 3 Hauler 1 | . 1 . Swarmer 8 | . 1 7 Grunt 7 | . 7 . Sentry 1 | . . 1 Cobbler 1 | . . 1 Subdweller 11 | . . 11 Best Kill Streak 4 | . 3 4 Combat Bots Only 4 | . 3 4 Max Kills in Single Turn 2 | . 2 2 Gunslinging 1 | . 1 1 Exploded 2 | . . 2 Melee . | . . . Uniques/NPCs Destroyed . | . . . Combat | -11 -10 -10 -------- Run | Jun Mat Sub Damage Taken 1738 | . 341 1397 Core 272 | . 64 208 Absorbed by Shields . | . . . Core Remaining (%) 100 | 100 . . Volleys Fired 101 | . 23 78 Largest 2 | . 2 2 Hottest 130 | . 100 130 Shots Fired 170 | . 46 124 Gun 123 | . 46 77 Cannon 23 | . . 23 Launcher 24 | . . 24 Special . | . . . Kinetic 27 | . . 27 Thermal 122 | . 46 76 Explosive 21 | . . 21 Electromagnetic . | . . . Robot Hit Streak 13 | . 10 13 Robot Miss Streak 2 | . 2 2 Penetration Max . | . . . Secondary Targets 2 | . 1 1 Max Gunslinging Chain 1 | . 1 1 Shots Hit Robots 101 | . 33 68 Core Hits 48 | . 18 30 Critical Kills . | . . . Critical Parts Destroyed . | . . . Critical Strikes 7 | . 4 3 Burn 7 | . 4 3 Melee Attacks . | . . . Impact . | . . . Slashing . | . . . Piercing . | . . . Sneak Attacks . | . . . Combat Hostiles . | . . . Follow-up Attacks . | . . . Damage Inflicted 2190 | . 457 1733 Guns 1088 | . 442 646 Cannons 515 | . . 515 Explosions 572 | . . 572 Melee . | . . . Ramming 15 | . 15 . Kinetic 432 | . . 432 Thermal 1431 | . 442 989 Explosive 312 | . . 312 Electromagnetic . | . . . Impact . | . . . Slashing . | . . . Piercing . | . . . Highest Corruption . | . . . Average Corruption . | . . . Corruption Purged . | . . . Corruption Blocked . | . . . Overload Shots . | . . . Overflow Damage 10 | . . 10 Projectiles . | . . . Explosions 10 | . . 10 Melee . | . . . Knockbacks . | . . . Impact . | . . . Kinetic . | . . . Secondary . | . . . Self-Inflicted Damage 47 | . . 47 Shots 3 | . . 3 Rammed . | . . . Targets Rammed 2 | . 2 . Kicked 2 | . 2 . Crushed . | . . . Highest Temperature 315 | . 117 315 Average Temperature 48 | . 52 43 Received Heat Transfer 645 | . 171 474 Siege Activations . | . . . Robots Corrupted . | . . . Combat Hostiles . | . . . Parts Fried . | . . . Impact Corruptions . | . . . Robots Melted . | . . . Combat Hostiles . | . . . Parts Melted 5 | . 5 . Heat Transferred 3885 | . 1554 2331 Parts Sabotaged . | . . . Parts Stolen . | . . . Parts Stripped . | . . . Power Chain Reactions . | . . . Missiles Intercepted . | . . . Alert | -11 -10 -10 ------- Run | Jun Mat Sub Peak Influence 219 | . 219 . Initial . | . . . Average 64 | . 64 . Maximum Alert Level 1 | . 1 . Low Security (%) 91 | . 91 . Level 1 8 | . 8 . Level 2 . | . . . Level 3 . | . . . Level 4 . | . . . Level 5 . | . . . High Security . | . . . Max Security . | . . . Squads Dispatched 2 | . 2 . Investigation 1 | . 1 . Extermination . | . . . Reinforcement 1 | . 1 . Assault . | . . . Garrison . | . . . Intercept . | . . . Searches Triggered . | . . . Construction Impeded . | . . . Haulers Reinforced . | . . . Active Scanning Responses . | . . . Cargo Convoy Interrupts . | . . . Stealth | -11 -10 -10 --------- Run | Jun Mat Sub Distress Signals 1 | . 1 . Communications Jammed . | . . . Distress Signals . | . . . Times Spotted 32 | . 9 23 Peak Tracking Total 5 | . 5 4 Tactical Retreats 3 | . 1 2 Traps | -11 -10 -10 ------- Run | Jun Mat Sub Traps Triggered 4 | . 1 3 Indirectly . | . . . Trap Hack Attempts . | . . . Triggered . | . . . Disarmed . | . . . Reprogrammed . | . . . Reused . | . . . Traps Extracted . | . . . Installed . | . . . Triggered . | . . . Most Traps Carried 1 | . . 1 Machines | -11 -10 -10 ---------- Run | Jun Mat Sub Machines Disabled . | . . . Max in Single Turn . | . . . Machines Repaired . | . . . Machines Sabotaged . | . . . Overloaded Fab Kills . | . . . Hacking | -11 -10 -10 --------- Run | Jun Mat Sub Machines Accessed 2 | . 2 . Terminals 2 | . 2 . Fabricators . | . . . Repair Stations . | . . . Recycling Units . | . . . Scanalyzers . | . . . Garrison Access . | . . . Total Hacks 3 | . 3 . Successful 2 | . 2 . Failed 1 | . 1 . Catastrophic . | . . . Database Lockouts . | . . . Manual 3 | . 3 . Terminals 3 | . 3 . Fabricators . | . . . Repair Stations . | . . . Recycling Units . | . . . Scanalyzers . | . . . Garrison Access . | . . . Terminal Hacks 1 | . 1 . Robot Analysis 1 | . 1 . Fabricator Hacks . | . . . Repair Station Hacks . | . . . Recycling Unit Hacks . | . . . Scanalyzer . | . . . Garrison Access Hacks . | . . . Unauthorized Hacks 1 | . 1 . Terminals 1 | . 1 . Botnet 1 | . 1 . Fabricators . | . . . Repair Stations . | . . . Recycling Units . | . . . Scanalyzers . | . . . Garrison Access . | . . . Data Cores Recovered . | . . . Used . | . . . Hacking Detections 2 | . 2 . Full Trace Events . | . . . Feedback Events . | . . . Feedback Blocked . | . . . Robot Schematics Acquired . | . . . Robots Built . | . . . Authchips . | . . . Time . | . . . Total Robot Build Rating . | . . . Part Schematics Acquired . | . . . Parts Built . | . . . Authchips . | . . . Time . | . . . Total Part Build Rating . | . . . Parts Repaired . | . . . Time . | . . . Parts Recycled . | . . . Recycled Matter . | . . . Retrieved Matter . | . . . Retrieved Components . | . . . Parts Scanalyzed . | . . . Part Schematics Acquired . | . . . Parts Damaged . | . . . Bothacking | -11 -10 -10 ------------ Run | Jun Mat Sub Used RIF Installer . | . . . Robots Hacked . | . . . Non-combat . | . . . Combat . | . . . Robot Hacks Applied . | . . . Relay Couplers Released . | . . . Fabnet Peak Effective % . | . . . Robots Rewired . | . . . Allies Hacked . | . . . Hacks Repelled . | . . . Allies | -11 -10 -10 -------- Run | Jun Mat Sub Total Allies . | . . . Largest Group . | . . . Highest-Rated Group . | . . . Highest-Rated Ally . | . . . Total Orders . | . . . Ally Attacks . | . . . Total Damage . | . . . Kills . | . . . Allies Corrupted . | . . . Allies Melted . | . . . Intel | -11 -10 -10 ------- Run | Jun Mat Sub Robot Analysis Total 1 | . 1 . Derelict Logs Recovered 2 | . . 2 Drone Launches . | . . . Drone Recoveries . | . . . Exploration | -11 -10 -10 ------------- Run | Jun Mat Sub Turns Passed 3278 | . 629 2649 Spaces Moved 1691 | 1 237 1453 Core . | . . . Treads 1548 | . 95 1453 Legs 143 | 1 142 . Wheels . | . . . Hover . | . . . Flight . | . . . Fastest Speed 120 | 120 120 160 Average Speed 156 | 120 136 160 Slowest Speed 160 | 120 160 160 Overloaded Moves . | . . . Propulsion Burnouts . | . . . Robots Hopped . | . . . Cave-ins Triggered . | . . . Exploration Rate (%) 41 | 1 41 83 Regions Visited 2 Branch Regions 1 Pre-discovered Areas 2 | . . 2 Known Exits Taken . | . . . Unknown Exits Taken 2 | 1 1 . Scrap Searched 2 | . . 2 Spaces Dug 8 | . . 8 Terrain Destroyed 159 | . . 159 Melee . | . . . Projectile . | . . . AOE 159 | . . 159 Terrain Rammed . | . . . Walls Destroyed . | . . . Machines Disabled . | . . . Actions | -11 -10 -10 --------- Run | Jun Mat Sub Total 2151 | . 498 1653 Wait 296 | . 222 74 Move 1689 | . 236 1453 Hop . | . . . Pick Up 9 | . 5 4 Fast Attach 9 | . 3 6 Attach 6 | . . 6 Detach 4 | . 2 2 Swap 13 | . 1 12 Drop 17 | . 4 13 Fire 101 | . 23 78 Melee . | . . . Ram . | . . . Kick 2 | . 2 . Crush . | . . . Escape Stasis . | . . . Rewire . | . . . Trap . | . . . Miscellaneous 5 | . . 5 Route ------- -11/Junkyard -10/Materials (discovered 2 exits: [*Mat] / [*Sub]) -10/Subcaves History --------- Turn | Location | Event 1 | -11/Junkyard | Discovered new exit (range 0) 1 | -11/Junkyard | Entered Materials 311 | -10/Materials | Build established: Mutant 388 | -10/Materials | Discovered new exit (range 5) 615 | -10/Materials | Discovered new exit (range 8) 630 | -10/Materials | Entered Subcaves 637 | -10/Subcaves | Learned Materials terminal intel 1016 | -10/Subcaves | Learned location of Zion (-6) 1219 | -10/Subcaves | Core integrity fell below 50% 1862 | -10/Subcaves | Shifting Twisted Machinery released Sub. Optics 1876 | -10/Subcaves | Shifting Twisted Machinery released Sub. Optics 1961 | -10/Subcaves | Ambushed by Subdweller buried in earth 2085 | -10/Subcaves | Shifting Twisted Machinery released Sub. Monowheel 2198 | -10/Subcaves | Shifting Twisted Machinery released Scrap Shield 2198 | -10/Subcaves | Shifting Twisted Machinery released Battle Rifle 2372 | -10/Subcaves | Core integrity fell below 20% 2512 | -10/Subcaves | Shifting Twisted Machinery released Sub. Monowheel 2895 | -10/Subcaves | A swath of the cavern ceiling suddenly collapsed 3217 | -10/Subcaves | Met a Zionite searching for "candidates" 3265 | -10/Subcaves | Ambushed by Subdwellers from Twisted Machinery 3279 | -10/Subcaves | Destroyed by WD-E0F(R) with Subdweller Beam Cannon Last Messages --------------- 02555_ Dropped Scrap Shield. 02558_ 8K-YPT(R) destroyed. 02561_ Acquired Scrap Shield. 02562_ Acquired 45 matter. 02566_ Scrap Shield Fragment affixed to Scrap Shield (+47). 02570_ Acquired Sub. Machine Gun. 02642_ The unstable cave ceiling collapses. 02838_ J0-WLF(R) destroyed. 02854_ FL-CV1(R) destroyed. 02860_ Scrap Shield Fragment affixed to Scrap Shield (+48). 02861_ Acquired 39 matter. 02875_ Acquired 46 matter. A swath of the cavern ceiling suddenly collapses. 03119_ L7-XJ2(z): "She is not going to be happy we haven't found any suitable candidates yet." 03217_ L7-XJ2(z): "Hey you! It's really dangerous down here, I feel that you could die at any moment. For your health and safety might I suggest a trip to Zion?" World map confirmed: -6/Zion. 03265_ WD-E0F(R) emerges from the Twisted Machinery. Map ----- +----------------------------------------------------+ | ### #??# ## #??# ##??????????# # | | #?## ##??# #######?? #??????????## | | ## #??####??## ##???????# #??????????# | | ?# ##???????# #???????? #??????????## | | ?# ##??##?## #??##??# #???????????## | | ?# ## #??# ## #?# ### ?????????????## | | ?# ## ##??# ## ?????????????# | | ?# # ##???# ????????????# | | ?## ###????## ???????????# | | ??####???###?## ### ??????????# | | ?????##### #??## #????? ??????????# | | ?????# ####### ##??????????????????### | | ?????# ## #?????????????????????## | | ??##### #??????????????????????# | | ??# ####?????????????????#?# | | ??# #### ## ?????????# # | | ??## #####??# ### #?????????? | | ??# #??????# #?# #????????????? | | ??# ##??##### #??# ##?????????????? | | ??# #?## #?## ##??? ## #????????????????# | | ??# ### #??## #???? #?? #????????????????? | | ??# ## #######?????# ##??? ?????????????????? | | ??# # ##???????###??????????????????????? | | ?## ##???????????????????????????????? | | ?# ###?########????????????????????? | | ?# ### ##@ ##???? #?????????????? | | ?## ;;; ####??????????? | | ??#### ### RR "????? | | ?????#### ####?#### #### ### "#?????? | | ????????####???????###??###?##;;;; ####??????? | | ??????????????????????????????? ; ##?????????? | | ????????????????????????????????###;;;#?????#????? | | ????????????????????????????????????###???? """"?? | | ??????????????????????????????????????????? " "#? | | ??????????????????????????????????????????? "?? | | ??????????????????????????????????????????? ?? | | ??????????????????????????????????????????? ??? | | ?????????????????????????????????????????? ???? | | ?????????????????????????????????????????? ##??? | | ?????????????????????????????????????????? ##??? | | ?????????????????????????????????????????? #??? | | ?????????????????????????????????????????? ##?? | | ????????????????????????????????????????##%% #?? | | ##?#########???????#########???????????## % ##?? | | ### ##??????# ## ##?####?##### # ##? | | #??????# ###^ #?# ## | | #??????## ## ### ^ # | | ##????### # ##### | | #???### ## ^ ######???? | | ##### ##?## #### ##????????? | +----------------------------------------------------+ Best States ------------- Heat Dissipation 35 Energy Generation 15 Energy Capacity 250 Matter Stores 300 Matter Capacity 300 Sight Range 16 Terrain Scan Density 10 Armor Coverage 800 Evasion (%) 55 Recoil Reduction 2 Item Schematics ----------------- None Robot Schematics ------------------ None Fabricated ------------ Nothing Alien Tech Used ----------------- None Achievements -------------- None Challenges ------------ None Game ------ Seed LightningGhostPrototype Manual? 0 Play Time 00:13:36 Cumulative 912.5 hours Start 2023.07.15 @ 19:22:03 End 2023.07.15 @ 19:34:14 Sessions 1 Manual Loads 0 Difficulty Rogue Special Mode None Game No. 416 Rogue 415 Adventurer 1 Explorer 0 Win Type - Total 136 Types 33/12/21/4/2/1/58/3/2 Lore% 96 Gallery% 98 Achievement% 92 Wizard Run 0 Options --------- ASCII 1 Keyboard 0 Movement Numpad Keybinds 0 Fullscreen 0 Font 18/Smallcaps Map View 76x50 Tactical HUD 1 Map Filters NONE Filters NONE Steam 1 RUN: 3193cb95-47e5-482f-9dfa-a6995a5bb26a